TOP OF THE 1ST |
Minnesota Twins batting - Pitching for Los Angeles Angels : RHP Stephen Strasburg
|
Pitching: RHP Stephen Strasburg
|
|
Batting: RHB Ian Kinsler
|
0-0: Ground out 5-3 (Groundball, 56S)
|
Batting: RHB Howie Kendrick
|
0-0: Ball 1-0: Ball 2-0: Foul Ball, location: 2F 2-1: Swinging Strike 2-2: Foul Ball, location: 2F 2-2: Foul Ball, location: 2F 2-2: Strikes out swinging
|
Batting: LHB Freddie Freeman
|
0-0: Called Strike 0-1: Called Strike 0-2: Ball 1-2: Ball 2-2: Foul Ball, location: 2F 2-2: Foul Ball, location: 2F 2-2: Ball 3-2: Foul Ball, location: 2F 3-2: SOLO HOME RUN (Line Drive, 9D), Distance : 378 ft
|
Batting: RHB Adam Jones
|
0-0: Foul Ball, location: 2F 0-1: Fly out, F8 (Flyball, 78M)
|
Top of the 1st over - 1 run, 1 hit, 0 errors, 0 left on base; Minnesota 1 - Los Angeles 0 |
BOTTOM OF THE 1ST |
Los Angeles Angels batting - Pitching for Minnesota Twins : RHP Reynaldo Lopez
|
Pitching: RHP Reynaldo Lopez
|
|
Batting: RHB Kevin Pillar
|
0-0: Ball 1-0: SINGLE (Groundball, 4MS) (infield hit)
|
Batting: LHB Kevin Kiermaier
|
0-0: SINGLE (Line Drive, 9S) Kevin Pillar to second
|
Batting: RHB Wil Myers
|
0-0: Called Strike 0-1: Ball 1-1: Swinging Strike 1-2: Ball 2-2: Ball 3-2: Fly out, F9 (Line Drive, 9)
|
Batting: RHB Evan Longoria
|
0-0: 3-RUN HOME RUN (Flyball, 9LD), Distance : 353 ft
|
Batting: LHB Jason Kipnis
|
0-0: Called Strike 0-1: Foul Ball, location: 2F 0-2: Strikes out swinging
|
Batting: RHB Tyler Austin
|
0-0: Called Strike 0-1: Bunt for hit - play at first, batter OUT! 1-3
|
Bottom of the 1st over - 3 runs, 3 hits, 0 errors, 0 left on base; Minnesota 1 - Los Angeles 3 |
TOP OF THE 2ND |
Minnesota Twins batting - Pitching for Los Angeles Angels : RHP Stephen Strasburg
|
Batting: RHB Avisail Garcia
|
0-0: Fly out, F8 (Flyball, 8LXD)
|
Batting: RHB Maikel Franco
|
0-0: Called Strike 0-1: Ball 1-1: Foul Ball, location: 2F 1-2: Foul Ball, location: 2F 1-2: Ball 2-2: Strikes out swinging
|
Batting: LHB Adam Lind
|
0-0: Called Strike 0-1: Ball 1-1: Ball 2-1: Ball 3-1: Fly out, F9 (Flyball, 9D)
|
Top of the 2nd over - 0 runs, 0 hits, 0 errors, 0 left on base; Minnesota 1 - Los Angeles 3 |
BOTTOM OF THE 2ND |
Los Angeles Angels batting - Pitching for Minnesota Twins : RHP Reynaldo Lopez
|
Batting: RHB Wilmer Flores
|
0-0: Called Strike 0-1: Ball 1-1: SINGLE (Groundball, 4MD)
|
Batting: RHB Mike Zunino
|
0-0: Ball 1-0: 2-RUN HOME RUN (Flyball, 7LD), Distance : 344 ft
|
Batting: SHB Yolmer Sanchez
|
0-0: Called Strike 0-1: Ball 1-1: Foul Ball, location: 2F 1-2: Ball 2-2: Ball 3-2: Strikes out swinging
|
Batting: RHB Kevin Pillar
|
0-0: Foul Ball, location: 2F 0-1: Foul Ball, location: 2F 0-2: Ball 1-2: SOLO HOME RUN (Flyball, 8LXD), Distance : 431 ft
|
Batting: LHB Kevin Kiermaier
|
0-0: Ball 1-0: Foul Ball, location: 2F 1-1: Foul Ball, location: 2F 1-2: Ball 2-2: Ball 3-2: Foul Ball, location: 2F 3-2: Base on Balls
|
Batting: RHB Wil Myers
|
0-0: Called Strike 0-1: Swinging Strike 0-2: Ball 1-2: Ball 2-2: Fielders Choice at 2nd, 5-4 (Groundball, 5)
|
Batting: RHB Evan Longoria
|
0-0: Hit by Pitch Wil Myers to second
|
Batting: LHB Jason Kipnis
|
0-0: Fly out, F5 (Line Drive, 5)
|
Bottom of the 2nd over - 3 runs, 3 hits, 0 errors, 2 left on base; Minnesota 1 - Los Angeles 6 |
TOP OF THE 3RD |
Minnesota Twins batting - Pitching for Los Angeles Angels : RHP Stephen Strasburg
|
Batting: RHB Chris Iannetta
|
0-0: Called Strike 0-1: Ball 1-1: Ball 2-1: Foul Ball, location: 2F 2-2: Fly out, F8 (Flyball, 78D)
|
Batting: RHB Miguel Rojas
|
0-0: Called Strike 0-1: Foul Ball, location: 2F 0-2: Fly out, F8 (Line Drive, 8LM)
|
Batting: RHB Ian Kinsler
|
0-0: Ball 1-0: Ground out 4-3 (Groundball, 6M)
|
Top of the 3rd over - 0 runs, 0 hits, 0 errors, 0 left on base; Minnesota 1 - Los Angeles 6 |
BOTTOM OF THE 3RD |
Los Angeles Angels batting - Pitching for Minnesota Twins : RHP Reynaldo Lopez
|
Batting: RHB Tyler Austin
|
0-0: Foul Ball, location: 2F 0-1: Called Strike 0-2: SOLO HOME RUN (Flyball, 7D), Distance : 374 ft
|
Batting: RHB Wilmer Flores
|
0-0: Ground out 1-3 (Groundball, 13S)
|
Batting: RHB Mike Zunino
|
0-0: Ball 1-0: Ball 2-0: Fly out, F9 (Flyball, 9)
|
Batting: SHB Yolmer Sanchez
|
0-0: Ball 1-0: Swinging Strike 1-1: Ball 2-1: Swinging Strike 2-2: Ball 3-2: Ground out 6-3 (Groundball, 6)
|
Bottom of the 3rd over - 1 run, 1 hit, 0 errors, 0 left on base; Minnesota 1 - Los Angeles 7 |
TOP OF THE 4TH |
Minnesota Twins batting - Pitching for Los Angeles Angels : RHP Stephen Strasburg
|
Batting: RHB Howie Kendrick
|
0-0: SINGLE (Groundball, 6M) (infield hit)
|
Batting: LHB Freddie Freeman
|
0-0: Foul Ball, location: 2F 0-1: Ball 1-1: Ball 2-1: Ball 3-1: Called Strike 3-2: Grounds into double play, 5-4-3 (Groundball, 56S)
|
Batting: RHB Adam Jones
|
0-0: Fly out, F7 (Flyball, 78XD)
|
Top of the 4th over - 0 runs, 1 hit, 0 errors, 0 left on base; Minnesota 1 - Los Angeles 7 |
BOTTOM OF THE 4TH |
Los Angeles Angels batting - Pitching for Minnesota Twins : RHP Reynaldo Lopez
|
Batting: RHB Kevin Pillar
|
0-0: Ball 1-0: Foul Ball, location: 2F 1-1: SINGLE (Line Drive, 9S)
|
Batting: LHB Kevin Kiermaier
|
0-0: Called Strike 0-1: Ball 1-1: Foul Ball, location: 2F 1-2: Ball 2-2: Foul Ball, location: 2F 2-2: Fly out, F9 (Line Drive, 9D)
|
Batting: RHB Wil Myers
|
0-0: Ball Balk! Kevin Pillar to second 1-0: Ball 2-0: Ball 3-0: Called Strike 3-1: Foul Ball, location: 2F 3-2: Foul Ball, location: 2F 3-2: Reached on error, E5 (Groundball, 5) Kevin Pillar scores
|
Batting: RHB Evan Longoria
|
0-0: Swinging Strike 0-1: Foul Ball, location: 2F 0-2: Ball 1-2: Strikes out looking
|
Batting: LHB Jason Kipnis
|
0-0: Called Strike 0-1: Ball 1-1: Ball 2-1: Ball 3-1: Base on Balls
|
Batting: RHB Tyler Austin
|
0-0: Ball 1-0: Ball 2-0: Ball 3-0: Called Strike 3-1: SINGLE (Line Drive, 6D) Wil Myers to third Jason Kipnis to second Runner from 3rd tries for Home, SAFE, throw made home
|
Batting: RHB Wilmer Flores
|
0-0: Foul Ball, location: 2F 0-1: Ball 1-1: Fly out, F9 (Flyball, 89M)
|
Bottom of the 4th over - 2 runs, 2 hits, 1 error, 2 left on base; Minnesota 1 - Los Angeles 9 |
TOP OF THE 5TH |
Minnesota Twins batting - Pitching for Los Angeles Angels : RHP Stephen Strasburg
|
Batting: RHB Avisail Garcia
|
0-0: Called Strike 0-1: Ball 1-1: Reached on error, E5 (Groundball, 56S)
|
Batting: RHB Maikel Franco
|
0-0: Called Strike 0-1: Foul Ball, location: 2F 0-2: Fly out, F9 (Flyball, 9LSF)
|
Batting: LHB Adam Lind
|
0-0: Ball 1-0: Ball 2-0: Called Strike 2-1: Fly out, F3 (Popup, 3S)
|
Batting: RHB Chris Iannetta
|
0-0: Called Strike 0-1: Fly out, F8 (Line Drive, 8LD)
|
Top of the 5th over - 0 runs, 0 hits, 1 error, 1 left on base; Minnesota 1 - Los Angeles 9 |
BOTTOM OF THE 5TH |
Los Angeles Angels batting - Pitching for Minnesota Twins : RHP Reynaldo Lopez
|
Pitching: RHP Alex Meyer
|
|
Batting: RHB Mike Zunino
|
0-0: Ball 1-0: SOLO HOME RUN (Flyball, 9D), Distance : 356 ft
|
Batting: SHB Yolmer Sanchez
|
0-0: Called Strike 0-1: Ground out 6-3 (Groundball, 6M)
|
Batting: RHB Kevin Pillar
|
0-0: Ball 1-0: Ball 2-0: Ball 3-0: Called Strike 3-1: Foul Ball, location: 2F 3-2: Ground out 6-3 (Groundball, 6)
|
Batting: LHB Kevin Kiermaier
|
0-0: Ground out 4-3 (Groundball, 4M)
|
Bottom of the 5th over - 1 run, 1 hit, 0 errors, 0 left on base; Minnesota 1 - Los Angeles 10 |
TOP OF THE 6TH |
Minnesota Twins batting - Pitching for Los Angeles Angels : RHP Stephen Strasburg
|
Batting: RHB Miguel Rojas
|
0-0: Reached on error, E1 (Groundball, 15)
|
Batting: RHB Ian Kinsler
|
0-0: Ball 1-0: Foul Ball, location: 2F 1-1: Ball 2-1: Ball 3-1: DOUBLE (Line Drive, 7LM) Miguel Rojas to third
|
Batting: RHB Howie Kendrick
|
0-0: Called Strike 0-1: Swinging Strike 0-2: Strikes out swinging
|
Batting: LHB Freddie Freeman
|
0-0: Ball 1-0: Ball 2-0: Called Strike 2-1: Foul Ball, location: 2F 2-2: Strikes out looking
|
Batting: RHB Adam Jones
|
0-0: Ball 1-0: Foul Ball, location: 2F 1-1: Ground out 1-3 (Groundball, 13S)
|
Top of the 6th over - 0 runs, 1 hit, 1 error, 2 left on base; Minnesota 1 - Los Angeles 10 |
BOTTOM OF THE 6TH |
Los Angeles Angels batting - Pitching for Minnesota Twins : RHP Alex Meyer
|
Batting: RHB Wil Myers
|
0-0: Ground out 6-3 (Groundball, 6)
|
Batting: RHB Evan Longoria
|
0-0: Called Strike 0-1: Ground out 1-3 (Groundball, 13S)
|
Batting: LHB Jason Kipnis
|
0-0: Ball 1-0: Called Strike 1-1: Swinging Strike 1-2: Strikes out swinging
|
Bottom of the 6th over - 0 runs, 0 hits, 0 errors, 0 left on base; Minnesota 1 - Los Angeles 10 |
TOP OF THE 7TH |
Minnesota Twins batting - Pitching for Los Angeles Angels : RHP Stephen Strasburg
|
Batting: RHB Avisail Garcia
|
0-0: Ball 1-0: Ball 2-0: Ground out 5-3 (Groundball, 56)
|
Batting: RHB Maikel Franco
|
0-0: Swinging Strike 0-1: Fly out, F8 (Flyball, 8LD)
|
Batting: LHB Adam Lind
|
0-0: Swinging Strike 0-1: Ball 1-1: Called Strike 1-2: Ball 2-2: Strikes out swinging
|
Top of the 7th over - 0 runs, 0 hits, 0 errors, 0 left on base; Minnesota 1 - Los Angeles 10 |
BOTTOM OF THE 7TH |
Los Angeles Angels batting - Pitching for Minnesota Twins : RHP Alex Meyer
|
Batting: RHB Tyler Austin
|
0-0: Ball 1-0: Ball 2-0: Ball 3-0: Called Strike 3-1: Base on Balls
|
Batting: RHB Wilmer Flores
|
0-0: Ball 1-0: Swinging Strike 1-1: Ball 2-1: Foul Ball, location: 2F 2-2: Ball 3-2: SINGLE (Groundball, 56D) Tyler Austin to second
|
Pitching: RHP A.J. Ramos
|
|
Batting: RHB Mike Zunino
|
0-0: Ball 1-0: Ball 2-0: Ball 3-0: Base on Balls Tyler Austin to third Wilmer Flores to second
|
Batting: SHB Yolmer Sanchez
|
0-0: Ball 1-0: Grounds into double play, 5-4-3 (Groundball, 56) Tyler Austin scores Wilmer Flores to third
|
Batting: RHB Kevin Pillar
|
0-0: Ball 1-0: Foul Ball, location: 2F 1-1: Ball Wild Pitch! Wilmer Flores scores 2-1: Ground out 1-3 (Groundball, 23)
|
Bottom of the 7th over - 2 runs, 1 hit, 0 errors, 0 left on base; Minnesota 1 - Los Angeles 12 |
TOP OF THE 8TH |
Minnesota Twins batting - Pitching for Los Angeles Angels : RHP Stephen Strasburg
|
Batting: RHB Chris Iannetta
|
0-0: Ball 1-0: Ball 2-0: Ball 3-0: Called Strike 3-1: Foul Ball, location: 2F 3-2: Foul Ball, location: 2F 3-2: Ground out 5-3 (Groundball, 56S)
|
Batting: RHB Miguel Rojas
|
0-0: Swinging Strike 0-1: Called Strike 0-2: Ball 1-2: TRIPLE (Line Drive, 8RXD)
|
Batting: RHB Ian Kinsler
|
0-0: Ball 1-0: Ball 2-0: Ball 3-0: Base on Balls
|
Batting: RHB Howie Kendrick
|
0-0: Ball 1-0: Ball 2-0: TRIPLE (Flyball, 78XD) Miguel Rojas scores Ian Kinsler scores
|
Pitching: LHP Matt Grace
|
|
Batting: LHB Freddie Freeman
|
0-0: Called Strike 0-1: Ball Wild Pitch! Howie Kendrick scores 1-1: Fly out, F9 (Flyball, 9LM)
|
Batting: RHB Adam Jones
|
0-0: Ball 1-0: Ball 2-0: Foul Ball, location: 2F 2-1: Foul Ball, location: 2F 2-2: Ball 3-2: Strikes out swinging
|
Top of the 8th over - 3 runs, 2 hits, 0 errors, 0 left on base; Minnesota 4 - Los Angeles 12 |
BOTTOM OF THE 8TH |
Los Angeles Angels batting - Pitching for Minnesota Twins : RHP A.J. Ramos
|
Batting: LHB Kevin Kiermaier
|
0-0: Called Strike 0-1: Fly out, F9 (Flyball, 89D)
|
Batting: RHB Wil Myers
|
0-0: Foul Ball, location: 2F 0-1: Foul Ball, location: 2F 0-2: Ball 1-2: Fly out, F6 (Popup, 6D)
|
Batting: RHB Evan Longoria
|
0-0: Ball 1-0: Ball 2-0: Ground out 4-3 (Groundball, 4)
|
Bottom of the 8th over - 0 runs, 0 hits, 0 errors, 0 left on base; Minnesota 4 - Los Angeles 12 |
TOP OF THE 9TH |
Minnesota Twins batting - Pitching for Los Angeles Angels : LHP Matt Grace
|
Batting: RHB Avisail Garcia
|
0-0: SINGLE (Groundball, 6D)
|
Batting: RHB Maikel Franco
|
0-0: Foul Ball, location: 2F 0-1: Ball 1-1: Ball 2-1: Ball 3-1: Base on Balls Avisail Garcia to second
|
Batting: LHB Adam Lind
|
0-0: Ball 1-0: Ball 2-0: Called Strike 2-1: Called Strike 2-2: Strikes out swinging
|
Batting: RHB Chris Iannetta
|
0-0: Ball 1-0: Ball 2-0: Foul Ball, location: 2F 2-1: Swinging Strike 2-2: Foul Ball, location: 2F 2-2: Foul Ball, location: 2F 2-2: Foul Ball, location: 2F 2-2: Ball 3-2: Base on Balls Avisail Garcia to third Maikel Franco to second
|
Batting: RHB Miguel Rojas
|
0-0: Fly out, F1 (Line Drive, P)
|
Batting: RHB Ian Kinsler
|
0-0: Ball 1-0: Ball 2-0: Called Strike 2-1: Foul Ball, location: 2F 2-2: Ball 3-2: Fly out, F8 (Flyball, 8LXD)
|
Top of the 9th over - 0 runs, 1 hit, 0 errors, 3 left on base; Minnesota 4 - Los Angeles 12 |
|